Unix xNetHack Version 7.1.0 - last build May 27 2022 02:01:18 (40ddc3af3caeb211f83a4e7a6471a44cedb5a298). Game began 2022-06-02 05:41:31, ended 2022-06-02 05:53:23. Concrete, chaotic male orcish Rogue -- ---- -.- . --..-- ---... .- --....| --- ....-... ......| ...| ---- .......- -.....| -...-- |..-- ..... |.....---.....| --..| |h.. |............ ----.-- |@- -........- |....| |.| |.......------ |.--.-- ------.| ---.......%....--- -----|.|-..---......| |......-------...| --....|.|.......------ --....%.| ---.-- ----.............--- |.....<.- |..---.........>..--.-- --.---....| --.............^..||.. -- --...- ----............--|.- |.... --............||. ---.- --..--..--...||. -- |..|----------- ---- Concrete the Cutpurse St:17 Dx:18 Co:14 In:8 Wi:10 Ch:7 Chaotic S:542 Dlvl:3 $:38 HP:0(24) Pw:13(13) AC:7 Xp:4/101 T:993 Latest messages: You see here a dagger. w - a dagger {10}. You see here a dagger. w - a dagger {10}. The gnome hurls an emerald potion! The flagon crashes on your head and breaks into shards. The emerald potion evaporates. Something seems to be holding you. You can move again. The gnome punches you! You pierce the gnome! The gnome punches you! You kill the gnome! You are beginning to feel hungry. What do you want to eat? [gh or ?*] Never mind. What do you want to eat? [gh or ?*] g Mmm, tripe... not bad! You no longer feel hungry. You finish eating the tripe ration. A shiver runs up and down your spine! You see here a gnome corpse. A cloud of gas puts you to sleep! The hobbit shoots a gray stone! You are hit by a gray stone. The hobbit shoots a gray stone! You are hit by a gray stone. The hobbit shoots a gray stone! A gray stone misses you. The hobbit shoots a gray stone! You are hit by a gray stone. The hobbit shoots a gray stone! You are hit by a gray stone. The hobbit shoots a gray stone! You are hit by a gray stone! The hobbit shoots a gray stone! You are hit by a gray stone. You dream that you hear the howling of the CwnAnnwn... The hobbit shoots a rock! You are almost hit by a rock. The hobbit shoots a rock! A rock misses you. The hobbit shoots a rock! You are hit by a rock. You die... Do you want your possessions identified? [ynq] (y) y Do you want to see your attributes? [ynq] (y) y Do you want an account of creatures vanquished? [ynaq] (y) y Do you want to see your conduct and achievements? [ynq] (y) y Do you want to see the dungeon overview? [ynq] (y) y Major events: Turn 1: Concrete the chaotic male orcish Rogue entered the dungeon 822: attained the rank of Cutpurse (level 3) 831: entered the Gnomish Mines 993: killed by a rock, while sleeping Inventory: Inventory: 699/825 weight (23/52 slots) Coins $ - 38 gold pieces {1} Weapons m - a +0 iron crossbow {133} w - 5 +0 daggers {50} b - 9 +0 orcish daggers (at the ready) {90} a - a +0 orcish short sword (weapon in hand) {30} Armor s - an uncursed +0 pair of bone dwarvish boots {15} t - an uncursed +0 dwarvish cloak {10} c - an uncursed +1 leather light armor (being worn) {113} Comestibles h - 2 uncursed food rations {40} g - an uncursed tripe ration {10} Scrolls o - a blessed scroll of food detection {5} r - a cursed scroll of genocide {5} l - a blessed scroll of identify {5} n - an uncursed scroll of light {5} Potions k - an uncursed potion of gain ability {20} d - an uncursed potion of sickness {20} Tools f - an empty uncursed sack {15} e - an uncursed lock pick {4} q - an uncursed copper lock pick {4} p - an uncursed magic lamp {20} u - a +0 pick-axe {100} Gems/Stones i - an uncursed worthless piece of blue glass {1} x - 2 uncursed worthless pieces of white glass {2} v - 2 uncursed worthless pieces of yellowish brown glass {2} Concrete the Rogue's attributes: Background: You were a Cutpurse, a level 4 male orcish Rogue. You were chaotic, on a mission for Kos who was opposed by Issek (lawful) and Mog (neutral). You were heterosexual. You were in the Gnomish Mines, on level 3. You entered the dungeon 993 turns ago. It was nighttime. You had 101 experience points, 59 more were needed to attain level 5. Your score was 542 before end-of-game adjustments. Basics: You had 0 out of 24 hit points. You had all 13 energy points (spell power). Your armor class was 7. Your wallet contained 38 zorkmids. Autopickup was off. Final Characteristics: Your strength was 17 (limit:18/50). Your dexterity was 18 (limit:18). Your constitution was 14 (limit:18). Your intelligence was 8 (limit:16). Your wisdom was 10 (limit:16). Your charisma was 7 (limit:16). Final Status: You were not hungry. You were unencumbered. You were wielding a short sword. You had basic skill with short sword. Final Attributes: You were devoutly aligned. You were poison resistant. You had infravision. You were stealthy. You were warded. You are dead. Miscellaneous: You never encountered a bones level. Total elapsed playing time was 11 minutes and 50 seconds. Vanquished creatures: a gnome leader a kitten a dwarf 6 gnomes a gecko 2 jackals 3 foxes a grid bug 5 lichens 4 newts 25 creatures vanquished. No species were genocided or became extinct. Voluntary challenges: You were an atheist. You were illiterate. You never genocided any monsters. You never polymorphed an object. You never changed form. You never touched an artifact. You used no wishes. You never scared an enemy with impunity. You were celibate. You never generated conflict. Achievements: You attained the rank of Cutpurse. You entered the Gnomish Mines. The Dungeons of Doom: levels 1 to 2 Level 1: Many fountains. Level 2: Some fountains, a grave. Stairs down to The Gnomish Mines. The Gnomish Mines: Level 3: <- You were here. Final resting place for you, killed by a rock, while sleeping. Game over: __________ / \ / REST \ / IN \ / PEACE \ / \ | Concrete | | 38 Au | | killed by a rock | | | | | | | | 2022 | *| * * * | * _________)/\\_//(\/(/\)/\//\/|_)_______ Goodbye Concrete the Rogue... You died in The Gnomish Mines on dungeon level 3 with 539 points, and 38 pieces of gold, after 993 moves. You were level 4 with a maximum of 24 hit points when you died.